 Dungeon Crawl Stone Soup version 0.16-a0-3354-g045d5c7 (webtiles) character file.

1 MackTheKnife the Skirmisher (level 1, 14/17 HPs)
             Began as an Octopode Wanderer on Dec 29, 2014.
             Quit the game on level 1 of the Dungeon.
             The game lasted 00:00:41 (70 turns).

MackTheKnife the Skirmisher (Octopode Wanderer)       Turns: 70, Time: 00:00:41

Health: 14/17      AC:  1    Str: 11    XL:     1   Next: 20%
Magic:  2/2        EV: 11    Int: 13    God:
Gold:   0          SH:  0    Dex: 12    Spells: 1 memorised, 1 level left

rFire  . . .     SeeInvis .     b - +0 hand crossbow
rCold  . . .     Clarity  .     (no shield)
rNeg   . . .     SustAb   .     (helmet restricted)
rPois  .         Gourm    .     (no amulet)
rElec  .         Spirit   .     (no ring)
rCorr  .         Warding  .     (no ring)
rMut   .         Stasis   .     (no ring)
MR     .....                    (no ring)
Stlth  +++.......               (no ring)
                                (no ring)
                                (no ring)
                                (no ring)

@: not resistant to hostile enchantments, fairly stealthy
A: almost no armour, amphibious, 8 rings, constrict 8, camouflage 1, gelatinous
body 1
a: no special abilities


You were on level 1 of the Dungeon.
You were not hungry.

You visited 1 branch of the dungeon, and saw 1 of its levels.


Innate Abilities, Weirdness & Mutations

You cannot wear most types of armour.
You are amphibious.
You can wear up to eight rings at the same time.
You can use your tentacles to constrict many enemies at once.
Your skin changes colour to match your surroundings (Stealth).
Your rubbery body absorbs attacks (AC +1).


   Skills:
 + Level 4.0 Fighting
 + Level 1.0 Crossbows
 + Level 1.3 Stealth
 + Level 1.1 Spellcasting
   Level 1.0 Translocations
 - Level 1.0 Earth Magic
   Level 1.1 Evocations


You had one spell level left.
You knew the following spells:

 Your Spells              Type           Power        Failure   Level  Hunger
z - Sandblast             Erth           #.....       21%         1    ##.....

Inventory:

Hand weapons
 b - a +0 hand crossbow (weapon)
Missiles
 e - 23 bolts (quivered)
Potions
 c - a potion of curing
Books
 a - a book of Geomancy

   Spells                             Type                      Level
   a - Sandblast                      Earth                        1
   b - Stoneskin                      Transmutation/Earth          2
   c - Passwall                       Transmutation/Earth          3
   d - Stone Arrow                    Conjuration/Earth            3
   e - Petrify                        Transmutation/Earth          4
   f - Lee's Rapid Deconstruction     Earth                        5
Comestibles
 f - a bread ration

######.# #........#
#......####.########
#...........'≈P≈..#<
#...........#.≈≈P.#.
#...........#≈.≈≈≈#.
#...........#PP....≈
####........#≈≈....≈
####........#≈≈≈≈P≈.
#..x.......##≈..PP≈≈
#..rl......#########
#..llP#####.#
#..#.lP ## #..#P..P
#..##.... #. #....#
#. #####


You could see a giant gecko, 3 giant newts and a rat.


Message History

You shoot a bolt. The bolt hits the bat.
You kill the bat!
e - 23 bolts (gained 1)
e - 24 bolts (gained 1)
You see here a bat corpse.
e - 25 bolts (gained 1)
You start resting.
HP restored.
You start resting.
Magic restored.
As you open the door, it creaks loudly!
There is an open door here.
A giant newt comes into view.
A giant newt is nearby!
A giant newt is nearby!
A giant newt is nearby!
Firing (i - inventory):
e - 25 bolts (quivered)
Aim: a giant newt (resting)
You shoot a bolt. The bolt hits the plant.
The plant is lightly damaged.
A giant newt and a rat come into view.
A giant newt and a giant gecko come into view.
The rat closely misses you.
Firing (i - inventory):
e - 24 bolts (quivered)
Aim: a rat You shoot a bolt.
The bolt closely misses the rat.
The bolt closely misses the giant newt.
The bolt hits the plant but does no damage.
The giant newt closely misses you. The rat bites you. The giant newt bites you.
Are you sure you want to abandon this character and quit the game? (Confirm with "yes".)

Action                   || total
-------------------------++-------
 Fire: Hand crossbow     ||     7
 Cast: Sandblast         ||     2

Vault maps used:
D:1:      lightli_arrival_flooded_house, minmay_lizard_king

Notes
Turn   | Place    | Note
--------------------------------------------------------------
     0 | D:1      | MackTheKnife, the Octopode Wanderer, began the quest for the Orb.
     0 | D:1      | MackTheKnife set off with: a book of Geomancy, a +0 hand crossbow, a potion of curing, 27 bolts, a bread ration
     0 | D:1      | Reached XP level 1. HP: 17/17 MP: 2/2
     2 | D:1      | Learned a level 1 spell: Sandblast
    70 | D:1      | Quit the game

Vanquished Creatures
  A bat (D:1)
1 creature vanquished.
